AoeStats
← Nao do Conta de Trabaia

Socotra

506682999Analyzed
2v2 RM · 19d ago on Sep 14, 2026· 20m 12s· 4 players
Game mode
Random Map
Map size
Tiny (2 player)
Population
200
Speed
Normal
Resources
Standard
Victory
Conquest
Starting age
Dark Age
Ending age
Imperial Age
RankedLock teamsTeams togetherTeam positionsShared explorationLock speedFull tech treeHidden civsTurbo modeCheats
Victory
Defeat
1229
+15
🇲🇽 Hindustanis · Mexico
1160
+19
🇦🇹 Georgians · Austria
1209
-17
🇦🇹 Maya · Austria
1205
-17
nicepeanut3
3:26 Loom
12:22 Feudal Age
13:38 Double-Bit Axe
17:25 Horse Collar
21:12 Castle Age
20:11 Bloodlines
SchörgioRamos
0:31 Loom
11:21 Feudal Age
12:24 Double-Bit Axe
Atila el tres
0:31 Loom
12:00 Feudal Age
17:49 Castle Age
19:30 Double-Bit Axe
Nao do Conta de Trabaia
7:29 Loom
9:45 Feudal Age
13:43 Castle Age
12:21 Scale Mail Armor
Connection lost

Rejoining the realm…

Still unreachable

The connection could not be restored.

Session expired

The server has moved on; the page needs a fresh start.